 Dungeon Crawl Stone Soup version 0.23.1 (webtiles) character file.

Game seed: 3529945720701569427

2331 nuthulu the Cleaver (level 9, 0/70 HPs)
             Began as a Hill Orc Fighter on Mar 12, 2019.
             Was an Initiate of Okawaru.
             Slain by a two-headed ogre
             ... wielding a cursed -2 giant spiked club
              (15 damage)
             ... on level 8 of the Dungeon.
             The game lasted 00:11:17 (7253 turns).

nuthulu the Cleaver (Hill Orc Fighter)              Turns: 7253, Time: 00:11:18

Health: 0/70       AC: 15    Str: 22    XL:     9   Next: 42%
Magic:  9/9        EV:  5    Int:  8    God:    Okawaru [......]
Gold:   11         SH: 14    Dex: 10    Spells: 8/8 levels left

rFire    . . .     SeeInvis .   a - +0 war axe (flame)
rCold    . . .     Gourm    .   c - +2 shield
rNeg     . . .     Faith    .   q - +0 plate armour
rPois    .         Spirit   .   (no helmet)
rElec    .         Reflect  .   t - +0 cloak
rCorr    +         Harm     .   n - +2 pair of gloves
MR       +....                  (no boots)
Stlth    ..........             (no amulet)
HPRegen  0.21/turn              g - ring of resist corrosion
MPRegen  0.11/turn              o - ring of protection from magic

@: no status effects
A: no striking features
a: Renounce Religion


You were on level 8 of the Dungeon.
You worshipped Okawaru.
Okawaru was noncommittal.
You were hungry.

You visited 2 branches of the dungeon, and saw 9 of its levels.

You collected 251 gold pieces.
You spent 240 gold pieces at shops.

Inventory:

Hand Weapons
 a - a +0 war axe of flaming (weapon)
Armour
 b - a +0 scale mail
 c - a +2 shield (worn)
 n - a +2 pair of gloves (worn)
 q - a +0 plate armour (worn)
 t - a +0 cloak (worn)
Jewellery
 g - a ring of resist corrosion (left hand)
 o - a ring of protection from magic (right hand)
Wands
 d - a wand of digging (3)
 k - a wand of random effects (16)
 m - a wand of polymorph (6)
 r - a wand of paralysis (7)
Scrolls
 p - 3 scrolls of magic mapping
 s - 2 scrolls of identify
 u - a scroll of teleportation
 w - a scroll of remove curse
 y - a scroll of blinking
Potions
 e - 3 potions of curing
 h - 4 potions of brilliance
 i - 2 potions of lignification
 j - a potion of invisibility
 l - 2 potions of haste
Comestibles
 f - 9 rations
 x - 3 chunks of flesh


   Skills:
 - Level 3.6 Fighting
 + Level 11.4 Axes
 - Level 3.2 Armour
 + Level 10.1 Shields


You had 8 spell levels left.
You didn't know any spells.
Your spell library contained the following spells:

 Spells                   Type           Power        Failure   Level  Hunger
 Animate Skeleton         Necr           N/A          100%        1    ##.....
 Apportation              Tloc           #.....       100%        1    ##.....
 Confusing Touch          Hex            #.....       100%        1    ##.....
 Summon Small Mammal      Summ           #...         100%        1    ##.....
 Confuse                  Hex            #.......     100%        3    ####...
 Gell's Gravitas          Tloc           #.........   100%        3    ####...
 Petrify                  Tmut/Erth      #.......     100%        4    #####..
 Metabolic Englaciation   Hex/Ice        #.........   100%        5    ######.
 Yara's Violent Unravell  Hex/Tmut       #.........   100%        5    ######.


Dungeon Overview and Level Annotations

Branches:
Dungeon (8/15)             Temple (1/1) D:6
   Lair: D:8-11

Altars:
Ashenzari
Cheibriados
Elyvilon
Fedhas
Gozag
Hepliaklqana
Kikubaaqudgha
Makhleb
Nemelex Xobeh
Okawaru
Qazlal
Ru
Sif Muna
Trog
Uskayaw
Wu Jian
Xom
Yredelemnul
Zin

Shops:
D:5 (   D:7 ?   D:8 !

Annotations:
D:5 2 transporters, Kwackers's ghost, novice DECj
D:7 2 transporters


Message History

Your shield and plate armour prevent you from hitting the two-headed ogre.
The two-headed ogre is moderately wounded.
The two-headed ogre struggles against the net.
You hit the two-headed ogre but do no damage.
The two-headed ogre is moderately wounded.
The two-headed ogre struggles against the net.
You slash the two-headed ogre! You burn the two-headed ogre.
The two-headed ogre is heavily wounded.
The two-headed ogre struggles against the net.
The net rips apart, and the two-headed ogre comes free!
You barely miss the two-headed ogre.
The two-headed ogre is heavily wounded.
The two-headed ogre hits you with a cursed -2 giant spiked club!
* * * LOW HITPOINT WARNING * * *
You block the two-headed ogre's attack.
You hit the two-headed ogre. You burn the two-headed ogre.
The two-headed ogre is severely wounded.
The two-headed ogre hits you but does no damage.
The two-headed ogre hits you with a +0 giant spiked club!
You die...

)...... ......#
......# (......
....... ### ##.......
..# #))...... #.# #O#
#.####@#
#.#....########
#.#.##........#
#.#...........#
#.###.........#
###+####.###.........#
#....<.....#.........#
#........#.#.........#
#........#.##........#


You could see a two-headed ogre.

Vanquished Creatures
  Grinder (D:4)
  Sigmund (D:6)
  Duvessa (D:4)
  An orc warrior (D:5)
  2 ice beasts
  A sky beast (D:6)
  2 ogres
  2 centaurs
  2 bullfrogs
  Dowan (D:4)
  2 scorpions
  2 crimson imps
  5 orc wizards
  2 bullfrog skeletons
  7 orc priests
  A hound (D:8)
  A centaur skeleton (D:4)
  A gnoll shaman (D:7)
  4 worker ants
  A howler monkey zombie (D:6)
  4 gnolls (D:7)
  6 adders
  2 shadow imps
  2 oozes (D:1)
  3 worms
  2 dart slugs (D:1)
  4 leopard geckos
  16 orcs
  3 ball pythons
  7 giant cockroaches
  8 goblins
  10 hobgoblins
  6 jackals
  7 kobolds
  9 quokkas
  A ball python skeleton (D:4)
  8 bats
  9 frilled lizards
  A quokka skeleton (D:4)
  8 rats
156 creatures vanquished.

Notes
Turn   | Place    | Note
-------+----------+-------------------------------------------
     0 | D:1      | nuthulu the Hill Orc Fighter began the quest for the Orb.
     0 | D:1      | Reached XP level 1. HP: 19/19 MP: 1/1
    47 | D:1      | Reached skill level 3 in Axes
    51 | D:1      | Reached XP level 2. HP: 15/26 MP: 2/2
   317 | D:1      | Reached XP level 3. HP: 26/31 MP: 3/3
   423 | D:1      | Reached skill level 4 in Axes
   914 | D:2      | Reached XP level 4. HP: 26/39 MP: 4/4
  1203 | D:2      | Found an opulent altar of Gozag.
  1753 | D:2      | Reached skill level 5 in Axes
  1753 | D:2      | Reached XP level 5. HP: 29/45 MP: 5/5
  2053 | D:3      | Reached skill level 5 in Shields
  2944 | D:4      | Noticed a centaur
  2950 | D:4      | Killed a centaur
  2950 | D:4      | Reached skill level 6 in Axes
  2950 | D:4      | Reached XP level 6. HP: 45/51 MP: 6/6
  3048 | D:4      | Noticed Grinder
  3067 | D:4      | Paralysed by Grinder for 4 turns
  3084 | D:4      | Killed Grinder
  3084 | D:4      | Reached skill level 7 in Axes
  3084 | D:4      | Reached XP level 7. HP: 45/57 MP: 7/7
  3306 | D:4      | Noticed Duvessa
  3491 | D:4      | Noticed Dowan
  3496 | D:4      | Killed Duvessa
  3496 | D:4      | Reached skill level 8 in Axes
  3500 | D:4      | Killed Dowan
  3745 | D:4      | Reached XP level 8. HP: 56/64 MP: 8/8
  3996 | D:4      | Found a sparkling altar of Nemelex Xobeh.
  3996 | D:4      | Found a deep blue altar of Sif Muna.
  3997 | D:4      | Found a basalt altar of Yredelemnul.
  4157 | D:5      | Entered Level 5 of the Dungeon
  4316 | D:5      | Found a transporter.
  4317 | D:5      | Found a transporter.
  4317 | D:5      | Noticed Kwackers's ghost (novice DECj)
  4486 | D:5      | Reached skill level 9 in Axes
  4532 | D:5      | Found Zairezoj's Antique Weapon Emporium.
  4695 | D:6      | Noticed Sigmund
  4782 | D:6      | Killed Sigmund
  4993 | D:6      | Found a sparkling altar of Nemelex Xobeh.
  5038 | D:6      | Reached skill level 10 in Axes
  5465 | D:6      | Found a stormy altar of Qazlal.
  5591 | D:6      | Reached XP level 9. HP: 62/70 MP: 9/9
  5645 | D:6      | Found a shimmering altar of Xom.
  5646 | D:6      | Found a shimmering altar of Xom.
  5679 | D:6      | Found a staircase to the Ecumenical Temple.
  5694 | Temple   | Entered the Ecumenical Temple
  5738 | Temple   | Became a worshipper of Warmaster Okawaru
  6443 | D:7      | Reached skill level 11 in Axes
  6682 | D:7      | Found the +3 salamander hide armour {+Rage rF++}
  6685 | D:7      | Found a transporter.
  6686 | D:7      | Noticed a kobold demonologist
  6737 | D:7      | Found a transporter.
  6796 | D:7      | Found Vima's Magic Scroll Emporium.
  6872 | D:7      | Found a shattered altar of Ashenzari.
  7145 | D:7      | Bought a scroll of brand weapon for 240 gold pieces
  7149 | D:8      | Found Ehotyle's Distillery.
  7169 | D:8      | Reached skill level 10 in Shields
  7231 | D:8      | Noticed a two-headed ogre
  7253 | D:8      | Slain by a two-headed ogre

Skill      XL: |  1  2  3  4  5  6  7  8  9 |
---------------+----------------------------+-----
Axes           | 3 4 5 6 7 8 10 11 | 11.4
Shields        | 4 5 6 7 9 10 | 10.1
Fighting       | |  3.6
Armour         | |  3.2

Action                   |  1- 3 |  4- 6 |  7- 9 || total
-------------------------+-------+-------+-------++-------
Melee: War axe           |    80 |   140 |   362 ||   582
Throw: Throwing net      |       |       |     1 ||     1
  Use: Scroll            |     3 |    10 |     7 ||    20
       Potion            |       |     2 |       ||     2
  Eat: Chunk             |       |     7 |    10 ||    17
       Ration            |       |       |     1 ||     1
Armor: Scale mail        |    62 |    52 |    70 ||   184
       Plate armour      |       |       |    52 ||    52
Dodge: Dodged            |    26 |    53 |    57 ||   136
Block: Shield            |    60 |    94 |   205 ||   359
